 Dungeon Crawl Stone Soup version 0.24.0-13-gcf9b319 (webtiles) character file.

Game seed: 10550403429667462541, levelgen mode: deterministic

4585 Fang the Fighter (level 10, -4/65 HPs)
             Began as a Gargoyle Berserker on Nov 12, 2019.
             Was a High Priest of Trog.
             Slain by Erica
             ... wielding a +4 scimitar of flaming
              (7 damage)
             ... on level 8 of the Dungeon.
             The game lasted 00:10:23 (6854 turns).

Fang the Fighter (Gargoyle Berserker)               Turns: 6854, Time: 00:10:23

Health: -4/65      AC: 24    Str: 24    XL:     10   Next: 41%
Magic:  10/10      EV:  6    Int:  8    God:    Trog [*****.]
Gold:   397        SH:  0    Dex:  9    Spells: 9/9 levels left

rFire    . . .     SeeInvis .   a - +0 war axe
rCold    . . .     Gourm    .   C - +0 shield
rNeg     + . .     Faith    .   b - +0 plate armour
rPois    ∞         Spirit   .   A - +1 helmet
rElec    +         Reflect  .   f - +0 cloak (curse)
rCorr    .         Harm     .   (no gloves)
MR       .....                  (no boots)
Stlth    ..........             (no amulet)
HPRegen  0.20/turn              (no ring)
MPRegen  0.12/turn              (no ring)

@: confused, berserk cooldown, slowed, very slow
A: negative energy resistance 1, electricity resistance, unbreathing,
petrification resistance, rot immunity, AC +7
a: Berserk, Trog's Hand, Brothers in Arms, Renounce Religion


You were on level 8 of the Dungeon.
You worshipped Trog.
Trog was extremely pleased with you.
You were near starving.

You visited 2 branches of the dungeon, and saw 9 of its levels.

You collected 397 gold pieces.

Inventory:

Hand Weapons
 a - a +0 war axe (weapon)
Armour
 b - a +0 plate armour (worn)
 f - a cursed +0 cloak (worn)
 A - a +1 helmet (worn)
 C - a +0 shield (worn)
Wands
 t - a wand of polymorph (10)
 E - a wand of random effects (7)
Scrolls
 d - a scroll of blinking {unknown}
 i - 2 scrolls of enchant weapon {unknown}
 j - 3 scrolls of fear {unknown}
 k - 13 scrolls of identify {unknown}
 l - 2 scrolls of immolation {unknown}
 m - 6 scrolls of remove curse {unknown}
 o - 3 scrolls of teleportation {unknown}
 r - 5 scrolls of enchant armour {unknown}
 u - 2 scrolls of noise {unknown}
 y - 2 scrolls of random uselessness {unknown}
 F - 2 scrolls of magic mapping {unknown}
 G - a scroll of amnesia {unknown}
Potions
 e - 2 potions of agility {unknown}
 g - a potion of resistance {unknown}
 h - 2 potions of invisibility {unknown}
 n - 2 potions of mutation {unknown}
 p - 5 potions of heal wounds {unknown}
 q - 3 potions of degeneration {unknown}
 s - 5 potions of curing {unknown}
 v - 2 potions of might {unknown}
 w - a potion of brilliance {unknown}
 z - 3 potions of flight {unknown}
 D - a potion of cancellation {unknown}
Comestibles
 c - 23 rations
 H - 4 chunks of flesh


   Skills:
 + Level 8.9 Fighting
 + Level 7.3 Axes
 + Level 8.5 Armour
 + Level 6.4 Dodging


You had 9 spell levels left.
You didn't know any spells.
Your spell library was empty.

Dungeon Overview and Level Annotations

Branches:
Dungeon (8/15)             Temple (1/1) D:6
   Lair: D:8-11

Altars:
Ashenzari
Elyvilon
Hepliaklqana
Kikubaaqudgha
Makhleb
Trog
Yredelemnul
The Shining One

Annotations:
D:8 Erica


Innate Abilities, Weirdness & Mutations

You are resistant to torment.
Your stone body is resilient. (AC +7)
You are immune to poison.
You resist negative energy. (rN+)
You are resistant to electric shocks. (rElec)
You can survive without breathing.
You are immune to petrification.
You are immune to rotting.


Message History

The two-headed ogre hits you with a +0 giant club!
* * * LOW HITPOINT WARNING * * *
The two-headed ogre hits you with a +0 giant spiked club.
* * * LOW HITPOINT WARNING * * *
You feel a strong urge to attack something.
Erica hits you but does no damage. The two-headed ogre barely misses you.
The two-headed ogre hits you but does no damage.
You are no longer berserk.
You are exhausted.
You feel yourself slow down. The gnoll shaman closely misses you.
Erica hits you but does no damage.
Okay, then.
You bump into the rock wall.
The two-headed ogre hits you but does no damage.
The two-headed ogre hits you with a +0 giant spiked club.
* * * LOW HITPOINT WARNING * * *
The gnoll shaman hits you but does no damage.
The gnoll barely misses you.
Erica hits you with a +4 scimitar of flaming!
You die...

##........... ...
#........... ......
........# ...... .
........ ...... ..
#...#.#####...... ...
#..)#..##........ ....
#(.(#....).g..... .....
#..)(..@.O...#
......#.(.####@gg.g#
.......<### #.......#
....<.#....##.....##...
....#####.###..##.# ..
... ..##... ... ..
...... .... ≈ ##....
.... .#.... .... #.


You could see Erica, a two-headed ogre, a gnoll shaman and 3 gnolls.

Vanquished Creatures
  A spriggan (D:7)
  Eustachio (D:5)
  Edmund (D:4)
  Duvessa (D:7)
  A water moccasin (D:7)
  4 orc warriors
  An ice beast (D:5)
  A sky beast (D:7)
  6 ogres
  A necrophage (D:6)
  3 centaurs
  4 bullfrogs
  A big kobold (D:8)
  A wyvern zombie (D:7)
  Dowan (D:7)
  4 scorpions
  A killer bee (D:7)
  3 howler monkeys (D:7)
  5 wights (D:7)
  2 vampire bats (D:6)
  3 crimson imps (D:6)
  2 bullfrog zombies (D:7)
  2 jellies (D:5)
  6 orc priests
  A gnoll shaman (D:5)
  2 hounds
  8 orc wizards
  A centaur skeleton (D:7)
  A bullfrog skeleton (D:7)
  3 iguanas
  11 worker ants
  A killer bee zombie (D:5)
  A hound skeleton (D:6)
  7 gnolls
  9 adders
  A shadow imp (D:5)
  2 oozes
  2 worms
  5 dart slugs
  6 leopard geckos
  37 orcs
  A ball python (D:2)
  5 bats (D:1)
  3 bat skeletons (D:6)
  4 bat zombies (D:6)
  3 giant cockroaches
  11 goblins
  9 hobgoblins
  11 jackals
  3 quokkas
  10 frilled lizards
  18 kobolds
  A leopard gecko skeleton (D:4)
  11 rats
244 creatures vanquished.

Notes
Turn   | Place    | Note
-------+----------+-------------------------------------------
     0 | D:1      | Fang the Gargoyle Berserker began the quest for the Orb.
     0 | D:1      | Reached XP level 1. HP: 14/14 MP: 1/1
   318 | D:1      | Reached XP level 2. HP: 10/19 MP: 2/2
   711 | D:1      | Reached XP level 3. HP: 23/23 MP: 3/3
  1450 | D:2      | Reached ** piety under Trog
  1566 | D:2      | Reached XP level 4. HP: 25/29 MP: 4/4
  2316 | D:3      | Reached XP level 5. HP: 33/33 MP: 5/5
  2634 | D:3      | Reached *** piety under Trog
  2939 | D:3      | Found a basalt altar of Yredelemnul.
  2939 | D:3      | Found a shattered altar of Ashenzari.
  3019 | D:4      | Noticed an ogre
  3023 | D:4      | Reached XP level 6. HP: 39/39 MP: 6/6
  3580 | D:4      | Reached skill level 5 in Fighting
  3697 | D:4      | Found a white marble altar of Elyvilon.
  3723 | D:4      | Noticed Edmund
  3732 | D:4      | Killed Edmund
  3732 | D:4      | Reached XP level 7. HP: 44/44 MP: 7/7
  4118 | D:4      | Reached **** piety under Trog
  4135 | D:4      | Reached skill level 5 in Armour
  4250 | D:5      | Entered Level 5 of the Dungeon
  4261 | D:5      | Reached XP level 8. HP: 51/51 MP: 8/8
  4300 | D:5      | Noticed Eustachio
  4342 | D:5      | Killed Eustachio
  4342 | D:5      | Reached skill level 5 in Axes
  4807 | D:5      | Reached XP level 9. HP: 38/57 MP: 9/9
  5129 | D:6      | Reached skill level 5 in Dodging
  5183 | D:6      | Found a staircase to the Ecumenical Temple.
  5257 | Temple   | Entered the Ecumenical Temple
  5367 | D:6      | Found a burning altar of Makhleb.
  5520 | D:6      | Reached ***** piety under Trog
  5532 | D:6      | Found an ancient bone altar of Kikubaaqudgha.
  6026 | D:7      | Reached XP level 10. HP: 59/64 MP: 10/10
  6230 | D:7      | Found a bloodstained altar of Trog.
  6438 | D:7      | Found a hazy altar of Hepliaklqana.
  6667 | D:7      | Noticed Duvessa
  6670 | D:7      | Noticed Dowan
  6680 | D:7      | Killed Duvessa
  6680 | D:7      | Received a gift from Trog
  6692 | D:7      | Killed Dowan
  6734 | D:7      | Found a glowing golden altar of the Shining One.
  6804 | D:8      | Noticed Erica
  6837 | D:8      | Noticed a two-headed ogre
  6854 | D:8      | HP: 3/65 [two-headed ogre/+0 giant club (1)]
  6854 | D:8      | Slain by Erica

Levels and vault maps discovered:
D:1:      evilmike_arrival_home_sweet_home, layout_basic,
          chequers_serial_rivers_room_a, minmay_misc_feat_pillars
D:2:      layout_basic, minivault_27
D:3:      layout_loops_cross, gammafunk_temple_overflow_pools
D:4:      minmay_chambers_of_threes, layout_loops_ring, lemuel_crystal_altar,
          uniq_edmund
D:5:      layout_cave_pools, first_ration, minmay_starry_boxes, uniq_eustachio
D:6:      corexii_shack_village, layout_loops_ring, makhleb_blood_cavern_becter,
          kennysheep_vampire_church, minmay_temple_entry_sparse_star,
          kennysheep_generic_room_3
D:7:      layout_basic, nicolae_overflow_crystal_walls, kennysheep_little_box,
          kennysheep_mini_moat, minivault_14, the_bakery,
          hangedman_minor_gate_pass, uniq_duvessa
D:8:      layout_cave_pools, marbit_many_paths, tgw_sif, serial_shops,
          nicolae_shop_waterfront, eino_curves_01, uniq_erica
Temple:   kb_temple_of_zot

Skill      XL: |  1  2  3  4  5  6  7  8  9 10 |
---------------+-------------------------------+-----
Axes           | 3 4 5 6 7 |  7.3
Dodging        | 2 3 4 5 6 |  6.4
Armour         | 3 4 5 6 7 8 |  8.5
Fighting       | 4 5 7 8 |  8.9

Action                   |  1- 3 |  4- 6 |  7- 9 | 10-12 || total
-------------------------+-------+-------+-------+-------++-------
Melee: Hand axe          |   112 |    72 |       |       ||   184
       War axe           |       |   130 |   431 |   193 ||   754
Invok: Berserk           |     2 |     4 |     4 |     2 ||    12
       Trog's Hand       |       |       |     1 |       ||     1
  Eat: Chunk             |     4 |    10 |    13 |     4 ||    31
Armor: Animal skin       |    34 |    76 |     7 |       ||   117
       Chain mail        |       |       |   117 |       ||   117
       Plate armour      |       |       |   276 |   179 ||   455
Dodge: Dodged            |    88 |   163 |   286 |    69 ||   606
Block: Shield            |       |       |    81 |    92 ||   173
